 Dungeon Crawl Stone Soup version 0.29.1-1-gd02db6906a (webtiles) character file.

Game seed: 2543184764815999691

11031 nicanaca0 the Bludgeoner (level 11, -2/99 HPs)
             Began as a Minotaur Berserker on Sept 30, 2022.
             Was an Elder of Trog.
             Slain by a black mamba (12 damage)
             ... on level 2 of the Lair of Beasts on Oct 3, 2022.
             The game lasted 00:28:59 (14105 turns).

nicanaca0 the Bludgeoner (Minotaur Berserker)      Turns: 14105, Time: 00:29:00

Health: -2/99      AC: 15    Str: 22    XL:     11   Next: 44%
Magic:  10/10      EV:  8    Int: 14    God:    Trog [****..]
Gold:   454        SH:  0    Dex: 18    Spells: 10/10 levels left

rFire   . . .      SeeInvis .   a - +7 war axe of the Dwarven Hall {venom, +Blink Dex+2}
rCold   . . .      Faith    .   (no shield)
rNeg    . . .      Spirit   .   K - +0 plate armour
rPois   .          Reflect  .   (helmet restricted)
rElec   .          Harm     .   p - +0 cloak
rCorr   .          Rampage  .   (no gloves)
Will    ++...                   (no boots)
Stlth   ..........              (no amulet)
HPRegen 1.26/turn               n - +6 ring of dexterity
MPRegen 0.12/turn               v - +6 ring of intelligence

@: lethally poisoned (-2 -> -9), strong-willed, on berserk cooldown,
regenerating, slowed, very slow
A: horns 2, retaliatory headbutt
a: Renounce Religion, Evoke Blink, Berserk, Trog's Hand, Brothers in Arms


You were on level 2 of the Lair of Beasts.
You worshipped Trog.
Trog was greatly pleased with you.
You visited 2 branches of the dungeon, and saw 11 of its levels.
You also visited: Sewer.

You collected 454 gold pieces.

Inventory:

Hand Weapons
 a - the +7 war axe of the Dwarven Hall (weapon) {venom, +Blink Dex+2}
   (You found it on level 6 of the Dungeon)

   It poisons the flesh of those it strikes.
   Dex:       It affects your dexterity (+2).
   +Blink:    It lets you blink.
 b - a +1 whip of flaming
 D - a +1 flail of holy wrath
 J - a +1 whip of venom
Missiles
 u - 24 poisoned darts (quivered)
 L - a curare-tipped dart
Armour
 j - +0 steam dragon scales
 p - a +0 cloak (worn)
 K - a +0 plate armour (worn)
Jewellery
 n - a +6 ring of dexterity (left hand)
 o - a ring of flight
 v - a +6 ring of intelligence (right hand)
Wands
 h - a wand of mindburst (18)
 l - a wand of roots (14)
 I - a wand of flame (24)
Scrolls
 d - 6 scrolls of blinking
 e - 2 scrolls of magic mapping
 r - a scroll of identify {@r1}
 A - 2 scrolls of teleportation
 G - 2 scrolls of silence
Potions
 c - 2 potions of mutation
 f - 3 potions of heal wounds
 g - 2 potions of resistance
 i - a potion of magic {unknown}
 k - 4 potions of curing {@q1}
 m - 3 potions of berserk rage
 q - a potion of lignification
 s - a potion of flight {unknown}
 t - a potion of might
 w - a potion of haste {unknown}
 z - a potion of invisibility {unknown}
 C - a potion of cancellation {unknown}
 H - 4 potions of ambrosia
Miscellaneous
 x - a condenser vane


   Skills:
 + Level 10.1 Fighting
 * Level 15.3 Maces & Flails
 + Level 6.9 Throwing
 + Level 9.7 Armour
 - Level 2.1 Dodging


You had 10 spell levels left.
You didn't know any spells.
Your spell library was empty.

Dungeon Overview and Level Annotations

Branches:
Dungeon (9/15)             Temple (0/1) D:5            Lair (2/5) D:8
 Shoals (0/4) Lair:2        Snake (0/4) Lair:2        Sewer (visited)
    Orc: D:9-12

Altars:
Ashenzari
Dithmenos
Fedhas
Okawaru
Yredelemnul
The Shining One

Shops:
D:2 !   D:3 *

Annotations:
D:9 1 runed translucent door
Lair:2 Harold


Innate Abilities, Weirdness & Mutations

You have a pair of horns on your head.
You reflexively headbutt those who attack you in melee.


Message History

Harold throws a throwing net.
The throwing net hits you.
You become entangled in the net!
The black mamba bites you but does no damage.
You are too injured to fight recklessly!
You tear a large gash into the net.
The black mamba bites you. Harold casts a spell at you.
You barely resist. The black mamba barely misses you. You furiously retaliate!
You headbutt the black mamba.
You struggle against the net.
The black mamba barely misses you. The black mamba bites you!
You are poisoned.
The black mamba poisons you! Harold hits you but does no damage.
The black mamba barely misses you.
You are too injured to fight recklessly!
You rip the net and break free!
You feel very sick. The black mamba bites you.
You are more poisoned.
The black mamba poisons you!
The black mamba bites you but does no damage.
Harold gestures at you while chanting.
You barely resist. The black mamba barely misses you. You furiously retaliate!
You headbutt the black mamba!
The komodo dragon hisses menacingly.
Harold gestures at you while chanting.
You barely resist. You miss the black mamba.
The black mamba is heavily wounded.
You barely miss Harold.
You feel extremely sick.
The black mamba bites you but does no damage.
The black mamba misses you. Harold hits you with a +0 flail!
* * * LOW HITPOINT WARNING * * *
You hit Harold.
Harold is poisoned.
Harold is lightly wounded.
You hit the black mamba.
* * * LOW HITPOINT WARNING * * *
You feel extremely sick. The black mamba bites you!
You die...

**.........##
**,,,,,,,,,,,
*,..........#
*,**,,,,,,,,,
**.........##
******,,,,,** *..@....<..#
**,,,,,,, *..#.###...#
**,,,,,,,, *,**** ##.##
*,*,,,*,,, *,* #.#
***,***,,, *,* #@# *,,*
*,,, *,* *** #@#********,*
**,,
*,***,**#S#*,*,*,*,,****,,
*,,,,,,,Fcl,,,,,,,,,,,*,,,
*,,,***#ccS#,,,,,,,,,,,,,,
*,,,*,,.....,,,,,,,,,,,,,,
*,,,,,.......,,,,,,,,,,,,,
*,,,,,....P.P,,,,,,,,,,,,,
*,,,,......P..,,,,,,,,,,,,
*,,,,,,,,,,,,,,,,,,,,,,,,,


You could see Harold (very poisoned), a komodo dragon, a black mamba, a cane
toad, a water moccasin and 3 centaurs.

Vanquished Creatures
  A hydra (Lair:1)
  Pikel (D:8)
  A black mamba (Lair:2)
  A cane toad (Lair:1)
  A gargoyle (D:9)
  Maggie (D:8)
  Psyche (D:8)
  2 komodo dragons
  A queen bee (Lair:1)
  2 wyverns
  21 yaks
  2 basilisks
  A steam dragon (D:6)
  7 water moccasins
  2 orc warriors (D:8)
  A sky beast (D:7)
  4 black bears
  An ogre (D:7)
  A centaur (Lair:2)
  A phantom (D:5)
  3 kobold brigands
  3 bullfrogs
  A gnoll sergeant (D:8)
  19 killer bees (Lair:1)
  3 howler monkeys
  6 hounds
  2 human zombies (D:9)
  3 jellies
  Crazy Yiuf (D:2)
  4 orc priests
  4 iguanas
  Terence (D:2)
  6 orc wizards
  7 gnolls
  10 adders
  2 ufetubi
  4 worms
  2 dart slugs
  24 orcs
  9 endoplasms
  13 giant cockroaches
  5 hobgoblins
  10 jackals
  12 quokkas
  9 ball pythons
  3 bats
  8 frilled lizards
  9 goblins
  A jackal zombie (D:9)
  15 kobolds
  2 rats
254 creatures vanquished.

Vanquished Creatures (others)
  3 fungi (Lair:2)
  55 plants
58 creatures vanquished.

Grand Total: 312 creatures vanquished

Notes
Turn   | Place    | Note
-------+----------+-------------------------------------------
     0 | D:1      | nicanaca0 the Minotaur Berserker began the quest for the
                  | Orb.
     0 | D:1      | Reached XP level 1. HP: 19/19 MP: 0/0
   263 | D:1      | Reached skill level 4 in Maces & Flails
   485 | D:1      | Reached XP level 2. HP: 26/26 MP: 1/1
   953 | D:1      | Reached skill level 5 in Maces & Flails
  1146 | D:2      | Found Hafear's Distillery.
  1290 | D:2      | Reached XP level 3. HP: 24/31 MP: 2/2
  1501 | D:2      | Noticed Terence
  1513 | D:2      | Killed Terence
  1881 | D:2      | Found a runed translucent door.
  1882 | D:2      | Noticed Crazy Yiuf
  1943 | D:2      | Reached skill level 6 in Maces & Flails
  1943 | D:2      | Reached XP level 4. HP: 39/39 MP: 3/3
  2133 | D:2      | Killed Crazy Yiuf
  2230 | D:3      | Found Ygoxuon's Assorted Antiques.
  2265 | D:3      | Found a glowing drain.
  2289 | D:3      | Reached ** piety under Trog
  2290 | Sewer    | Entered a sewer
  2503 | Sewer    | Reached skill level 7 in Maces & Flails
  2503 | Sewer    | Reached XP level 5. HP: 45/45 MP: 4/4
  2804 | Sewer    | Reached skill level 8 in Maces & Flails
  3464 | D:3      | Reached *** piety under Trog
  3524 | D:3      | Reached XP level 6. HP: 49/51 MP: 5/5
  4285 | D:4      | Reached skill level 1 in Throwing
  4892 | D:5      | Entered Level 5 of the Dungeon
  4975 | D:5      | Reached XP level 7. HP: 44/59 MP: 6/6
  5333 | D:5      | Reached skill level 9 in Maces & Flails
  5466 | D:5      | Found a staircase to the Ecumenical Temple.
  6420 | D:6      | Noticed a steam dragon
  6445 | D:6      | Killed a steam dragon
  6446 | D:6      | Reached skill level 5 in Fighting
  6790 | D:6      | Reached XP level 8. HP: 68/68 MP: 7/7
  6885 | D:6      | Identified the +7 war axe of the Dwarven Hall {venom,
                  | +Blink Dex+2}
  6927 | D:6      | Reached skill level 10 in Maces & Flails
  6935 | D:6      | Reached skill level 5 in Armour
  7043 | D:6      | Found a glowing golden altar of the Shining One.
  7226 | D:7      | Reached skill level 11 in Maces & Flails
  7231 | D:7      | Reached XP level 9. HP: 59/78 MP: 8/8
  7278 | D:7      | Reached **** piety under Trog
  8715 | D:8      | Noticed Psyche
  9117 | D:8      | Noticed Maggie
  9125 | D:8      | Killed Maggie
  9479 | D:8      | Reached skill level 12 in Maces & Flails
  9732 | D:8      | Reached skill level 5 in Throwing
  9977 | D:8      | Noticed a komodo dragon
 10001 | D:8      | Killed a komodo dragon
 10274 | D:8      | Killed Psyche
 10360 | D:8      | Found a staircase to the Lair.
 10528 | D:8      | Noticed Pikel
 10545 | D:8      | Killed Pikel
 10546 | D:8      | Reached skill level 13 in Maces & Flails
 10546 | D:8      | Reached XP level 10. HP: 67/88 MP: 7/9
 10820 | D:8      | Found a blossoming altar of Fedhas.
 10827 | D:8      | Found a shadowy altar of Dithmenos.
 10831 | D:8      | Found a broken altar of Ashenzari.
 10935 | D:9      | Found an iron altar of Okawaru.
 10981 | D:9      | Found a runed translucent door.
 10982 | D:9      | Noticed a gargoyle
 10990 | D:9      | Killed a gargoyle
 10991 | D:9      | Found a basalt altar of Yredelemnul.
 11422 | D:9      | Noticed a cyclops
 11422 | D:9      | Noticed a manticore
 11422 | D:9      | Noticed a four-headed hydra
 11422 | D:9      | Noticed a death knight
 11557 | D:9      | Reached skill level 14 in Maces & Flails
 11821 | D:9      | Noticed a cyclops
 11878 | Lair:1   | Entered Level 1 of the Lair of Beasts
 11878 | Lair:1   | Noticed an eight-headed hydra
 11895 | Lair:1   | Killed an eight-headed hydra
 12145 | Lair:1   | Reached XP level 11. HP: 76/97 MP: 10/10
 13197 | Lair:1   | Reached skill level 15 in Maces & Flails
 13856 | Lair:2   | Reached skill level 10 in Fighting
 14009 | Lair:2   | Reached ***** piety under Trog
 14085 | Lair:2   | Noticed Harold
 14105 | Lair:2   | Slain by a black mamba

Illustrated notes

Levels and vault maps discovered:
D:1:      nzn_arrival_depleted_hourglass, layout_loops_corners
D:2:      layout_basic, serial_shops, shop, shapermc_ecumenical_altar_petra,
          uniq_crazy_yiuf_cottage, uniq_terence
D:3:      layout_loops_ring, serial_shops, shop, gup_sewer_entry_glass
D:4:      layout_basic
D:5:      layout_loops_ring, minmay_temple_entry_butterflies
D:6:      layout_rooms, tso_altar
D:7:      layout_basic
D:8:      layout_basic, minitemple, david_lair_shrubbed, uniq_maggie,
          uniq_pikel, uniq_psyche
D:9:      minmay_the_grid_3x2 [minmay_the_grid_minigrid_small_alt,
          minmay_the_grid_small_cups, minmay_the_grid_x, minmay_the_grid_tree,
          minmay_the_grid_odd_star, minmay_the_grid_prize_inner_circle],
          layout_basic, dk_yredelemnul_ordeal, okawaru_metal_pillars_1_2,
          serial_aquarium, aquarium_bridge_island_small
          [aquarium_subvault_small_open, aquarium_subvault_bridge,
          aquarium_subvault_bridge, aquarium_subvault_bridge,
          aquarium_subvault_window], aquarium_bridge_square
          [aquarium_subvault_wall, aquarium_subvault_window,
          aquarium_subvault_wall, aquarium_subvault_bridge],
          aquarium_window_fake, aquarium_window_fake, aquarium_window_fake,
          aquarium_window_corner, aquarium_view_2c, aquarium_balcony_3b,
          uniq_maurice, uniq_gastronok
Lair:1:   layout_gridlike, special_room [special_room_bee]
Lair:2:   minmay_guarded_unrand_snakebite, layout_chaotic_city,
          minmay_shoals_entry_centaurs, minmay_snake_entry_six_corridors,
          enter_volcano_4, nzn_random_ring, uniq_harold

Skill      XL: |  1  2  3  4  5  6  7  8  9 10 11 |
---------------+----------------------------------+-----
Maces & Flails | 4 5 6 7 8 9 11 13 14 15 | 15.3
Throwing       | 1 2 4 5 6 |  6.9
Fighting       | 4 5 6 8 9 10 | 10.1
Armour         | 3 4 5 7 9 |  9.7
Dodging        | |  2.1

Action                   |  1- 3 |  4- 6 |  7- 9 | 10-12 || total
-------------------------+-------+-------+-------+-------++-------
Melee: Mace              |    64 |   217 |    59 |       ||   340
       Headbutt          |    10 |    32 |    28 |    39 ||   109
       Punch             |       |     2 |     2 |     4 ||     8
       War axe           |       |       |    99 |   165 ||   264
       Whip              |       |       |       |     6 ||     6
Throw: Stone             |     5 |    39 |    48 |    40 ||   132
       Dart              |       |    35 |    59 |    36 ||   130
Invok: Berserk           |     1 |     2 |     1 |     2 ||     6
       Trog's Hand       |       |       |     1 |     4 ||     5
 Abil: Evoke Blink       |       |       |     1 |       ||     1
Evoke: Wand              |       |     1 |     2 |     1 ||     4
  Use: Scroll            |       |     7 |     3 |     6 ||    16
       Potion            |       |       |     2 |     1 ||     3
Armor: Leather armour    |     9 |       |       |       ||     9
       Ring mail         |     2 |    61 |       |       ||    63
       Chain mail        |       |    50 |    61 |       ||   111
       Plate armour      |       |       |     6 |   126 ||   132
Dodge: Dodged            |    28 |   120 |    49 |    92 ||   289
